 Dungeon Crawl Stone Soup version 0.30-a0-121-gb27577e5d9 (webtiles) character file.

Game seed: 9815496408126452036

499 Pooter the Vexing (level 7, -9/52 HPs)
             Began as a Gnoll Hexslinger on Sept 15, 2022.
             Was a Follower of Okawaru.
             Engulfed by a cloud of flame (31 damage)
             ... on level 4 of the Dungeon.
             The game lasted 00:25:08 (3625 turns).

Pooter the Vexing (Gnoll Hexslinger)                Turns: 3625, Time: 00:25:09

Health: -9/52      AC:  7    Str:  9    XL:     7   Next: 16%
Magic:  8/12       EV: 14    Int: 14    God:    Okawaru [*.....]
Gold:   159        SH:  0    Dex: 13    Spells: 1/13 levels left

rFire   . . .      SeeInvis .    a - +0 halberd
rCold   . . .      Faith    .    (shield currently unavailable)
rNeg    . . .      Spirit   .    c - +0 robe
rPois   +          Reflect  .    (no helmet)
rElec   .          Harm     .    f - +0 cloak
rCorr   .          Rampage  .    (no gloves)
Will    .....                    (no boots)
Stlth   ++........               (no amulet)
HPRegen 0.17/turn                p - +4 ring of protection
MPRegen 0.13/turn                P - ring of poison resistance

@: no status effects
A: fangs 1, strong nose, distributed training
a: Renounce Religion, Heroism


You were on level 4 of the Dungeon.
You worshipped Okawaru.
Okawaru was aware of your devotion.
You visited 1 branch of the dungeon, and saw 4 of its levels.

You collected 159 gold pieces.

Inventory:

Hand Weapons
 a - a +0 halberd (weapon)
   (You took it off a gnoll on level 3 of the Dungeon)
 b - a +1 sling
 q - a +0 spear
   (You found it on level 1 of the Dungeon)
 v - a +0 short sword of speed
   (You found it on level 1 of the Dungeon)
 A - a +2 dagger of electrocution
   (You took it off Jessica on level 3 of the Dungeon)
 C - a +0 flail
   (You found it on level 2 of the Dungeon)
Missiles
 h - 4 atropa-tipped darts
 k - 12 poisoned darts (quivered)
 w - 2 throwing nets {!f}
 Q - 12 stones
Armour
 c - a +0 robe (worn)
 f - a +0 cloak (worn)
   (You found it on level 1 of the Dungeon)
Jewellery
 p - a +4 ring of protection (left hand)
   (You found it on level 2 of the Dungeon)
 P - a ring of poison resistance (right hand)
   (You found it on level 3 of the Dungeon)
Wands
 u - a wand of paralysis (9)
   (You found it on level 4 of the Dungeon)
Scrolls
 d - a scroll of poison {!r}
 g - 3 scrolls of magic mapping
 l - 2 scrolls of enchant weapon {unknown}
 m - 2 scrolls of fog {unknown}
 s - a scroll of summoning {unknown}
 t - 3 scrolls of teleportation {@r4}
 x - 2 scrolls of noise {unknown}
 y - a scroll of fear
 B - a scroll of enchant armour {unknown}
 F - a scroll of blinking
Potions
 e - 3 potions of flight
 j - 3 potions of heal wounds {unknown}
 n - 2 potions of might {unknown}
 o - a potion of curing {@q1}
 r - 2 potions of attraction {unknown}
 z - a potion of ambrosia {unknown}
 D - a potion of mutation {unknown}
 E - a potion of lignification {unknown}
 G - a potion of magic {unknown}


   Skills:
 + Level 3.5 Fighting
 + Level 2.4 Short Blades
 + Level 2.4 Long Blades
 + Level 2.4 Axes
 + Level 2.4 Maces & Flails
 + Level 2.4 Polearms
 + Level 2.4 Staves
 + Level 5.2 Ranged Weapons
 + Level 2.4 Throwing
 + Level 2.4 Armour
 + Level 5.2 Dodging
 + Level 2.4 Stealth
 + Level 2.4 Shields
 + Level 2.4 Unarmed Combat
 + Level 3.7 Spellcasting
 + Level 2.0 Conjurations
 + Level 5.8 Hexes
 + Level 2.0 Summonings
 + Level 2.0 Necromancy
 + Level 2.0 Translocations
 + Level 2.0 Transmutations
 + Level 2.0 Fire Magic
 + Level 2.0 Ice Magic
 + Level 2.0 Air Magic
 + Level 2.0 Earth Magic
 + Level 2.0 Poison Magic
 + Level 2.6 Invocations
 + Level 2.4 Evocations


You had one spell level left.
You knew the following spells:

 Your Spells              Type           Power      Damage    Failure   Level
a - Slow                  Hex            72%        N/A       1%          1
b - Portal Projectile     Hex/Tloc       26%        N/A       12%         3
c - Inner Flame           Hex/Fire       13%        N/A       12%         3
d - Ensorcelled Hibernat  Hex/Ice        26%        N/A       6%          2
x - Spider Form           Tmut/Pois      8%         N/A       26%         3

Your spell library contained the following spells:

 Spells                   Type           Power      Damage    Failure   Level
 Cause Fear               Hex            9%         N/A       19%         4
 Anguish                  Hex/Necr       6%         N/A       36%         4
 Blade Hands              Tmut           4%         N/A       94%         5
 Irradiate                Conj/Tmut      4%         3d13      94%         5
 Dragon Form              Tmut           4%         N/A       100%        7


Dungeon Overview and Level Annotations

Branches:
Dungeon (4/15)
 Temple: D:4-7

Altars:
Nemelex Xobeh
Okawaru

Annotations:
D:2 1 runed translucent door, Crazy Yiuf


Innate Abilities, Weirdness & Mutations

You have very sharp teeth.
Your uncanny sense of smell can sniff out nearby items.
Your experience applies equally to all skills.


Message History

Aim: an orc, wielding a +0 club, wearing a +0 chain mail and quivering boomerangs (heavily wounded, chance to affect: 80%)
The orc is filled with an inner flame.
Fire: b) +1 sling
Aim: an orc, wielding a +0 club, wearing a +0 chain mail and quivering boomerangs (heavily wounded, inner flame, 67% to hit)
You shoot a sling bullet.
The sling bullet hits the orc but does no damage.
An orc wizard comes into view. It is wielding a +0 dagger.
Fire: b) +1 sling
Aim: an orc, wielding a +0 club, wearing a +0 chain mail and quivering boomerangs (heavily wounded, inner flame, 67% to hit)
You shoot a sling bullet. The sling bullet barely misses the orc.
The orc wizard shouts!
The orc throws a boomerang.
The boomerang hits you.
Fire: b) +1 sling
Aim: an orc, wielding a +0 club, wearing a +0 chain mail and quivering boomerangs (heavily wounded, inner flame, 67% to hit)
You shoot a sling bullet.
The sling bullet hits the orc but does no damage.
The orc wizard casts a spell.
The orc wizard flickers and vanishes!
Deactivating autopickup; reactivate with Ctrl-A.
Fire: b) +1 sling
Aim: an orc, wielding a +0 club, wearing a +0 chain mail and quivering boomerangs (heavily wounded, inner flame, 67% to hit)
You shoot a sling bullet.
The sling bullet hits the orc but does no damage.
The orc throws a boomerang.
The boomerang misses you.
Fire: b) +1 sling
Aim: an orc, wielding a +0 club, wearing a +0 chain mail and quivering boomerangs (heavily wounded, inner flame, 67% to hit)
You shoot a sling bullet.
The sling bullet barely misses the orc wizard.
The sling bullet closely misses the orc.
Aim: an orc wizard, wielding a +0 dagger and wearing a +0 robe (chance to affect: 47%)
The orc wizard looks drowsy...
a - a +0 halberd (weapon)
You reach to attack!
The helpless orc wizard fails to defend itself.
You puncture the orc wizard!
You reach to attack!
You hit the orc but do no damage.
The orc wizard mumbles some strange words.
The orc wizard flickers and vanishes!
You puncture the orc! Okawaru accepts your kill.
The orc explodes!
The fiery explosion engulfs something!!
Okawaru accepts your kill.
Reactivating autopickup.
You feel a bit more experienced. The fiery explosion engulfs you!!
Ouch! That really hurt!
* * * LOW HITPOINT WARNING * * *
You are engulfed in blazing flames.
Ouch! That really hurt!
You die...

...o.. g.......
..... ## .... ∆
...# ... .........
.. #......... #§
#.....##.. #)####
#.....##.. #§@..#
###.....#...
####.###.....#.#...
#...#...........
###.......#.##..
#.>.......##..
#.......####..
#.............
######........
#........


There were no monsters in sight!

Vanquished Creatures
  Sigmund (D:3)
  An ice beast (D:4)
  Blork the orc (D:4)
  Jessica (D:3)
  An orc wizard (D:4)
  4 gnolls (D:3)
  4 adders
  3 worms
  A dart slug (D:1)
  3 orcs
  3 ball pythons
  11 endoplasms
  2 giant cockroaches (D:1)
  8 goblins
  2 hobgoblins
  2 jackals (D:2)
  6 quokkas
  10 bats
  4 frilled lizards (D:1)
  5 kobolds
  2 rats
75 creatures vanquished.

Notes
Turn   | Place    | Note
-------+----------+-------------------------------------------
     0 | D:1      | Pooter the Gnoll Hexslinger began the quest for the Orb.
     0 | D:1      | Reached XP level 1. HP: 17/17 MP: 4/4
    71 | D:1      | Reached XP level 2. HP: 23/23 MP: 5/5
   400 | D:1      | Reached XP level 3. HP: 28/28 MP: 7/7
   685 | D:2      | Learned a level 3 spell: Portal Projectile
   859 | D:2      | Reached skill level 1 in Invocations
  1355 | D:2      | Reached skill level 1 in Short Blades
  1355 | D:2      | Reached skill level 1 in Long Blades
  1355 | D:2      | Reached skill level 1 in Axes
  1355 | D:2      | Reached skill level 1 in Maces & Flails
  1355 | D:2      | Reached skill level 1 in Polearms
  1355 | D:2      | Reached skill level 1 in Staves
  1355 | D:2      | Reached skill level 1 in Throwing
  1355 | D:2      | Reached skill level 1 in Armour
  1355 | D:2      | Reached skill level 1 in Stealth
  1355 | D:2      | Reached skill level 1 in Shields
  1355 | D:2      | Reached skill level 1 in Unarmed Combat
  1355 | D:2      | Reached skill level 1 in Evocations
  1668 | D:2      | Found a runed translucent door.
  1669 | D:2      | Noticed Crazy Yiuf
  1768 | D:2      | Reached XP level 4. HP: 34/34 MP: 6/8
  2129 | D:3      | Noticed Jessica
  2136 | D:3      | Killed Jessica
  2137 | D:3      | Reached skill level 1 in Conjurations
  2137 | D:3      | Reached skill level 1 in Summonings
  2137 | D:3      | Reached skill level 1 in Necromancy
  2137 | D:3      | Reached skill level 1 in Translocations
  2137 | D:3      | Reached skill level 1 in Transmutations
  2137 | D:3      | Reached skill level 1 in Fire Magic
  2137 | D:3      | Reached skill level 1 in Ice Magic
  2137 | D:3      | Reached skill level 1 in Air Magic
  2137 | D:3      | Reached skill level 1 in Earth Magic
  2137 | D:3      | Reached skill level 1 in Poison Magic
  2220 | D:3      | Noticed Sigmund
  2239 | D:3      | Killed Sigmund
  2240 | D:3      | Reached skill level 5 in Ranged Weapons
  2240 | D:3      | Reached skill level 5 in Dodging
  2240 | D:3      | Reached XP level 5. HP: 30/41 MP: 4/10
  2240 | D:3      | Reached XP level 6. HP: 34/47 MP: 4/11
  2570 | D:3      | Learned a level 3 spell: Inner Flame
  2868 | D:3      | Found a faded altar of an unknown god.
  2876 | D:3      | Prayed at the altar of an unknown god.
  2876 | D:3      | Became a worshipper of Warmaster Okawaru
  2876 | D:3      | Reached * piety under Okawaru
  3041 | D:3      | Found a sparkling altar of Nemelex Xobeh.
  3105 | D:3      | Found a faded altar of an unknown god.
  3210 | D:4      | Noticed Blork the orc
  3227 | D:4      | Killed Blork the orc
  3347 | D:4      | Noticed an ice beast
  3357 | D:4      | Killed an ice beast
  3358 | D:4      | Reached XP level 7. HP: 19/52 MP: 3/12
  3589 | D:4      | Learned a level 2 spell: Ensorcelled Hibernation
  3593 | D:4      | Learned a level 3 spell: Spider Form
  3625 | D:4      | Engulfed by a cloud of flame

Illustrated notes

Levels and vault maps discovered:
D:1:      scummos_arrival_forest, layout_basic
D:2:      layout_loops_corners, grunt_ministairs_3, uniq_crazy_yiuf_cottage
D:3:      layout_loops_ring, nemelex_dance_club_becter,
          nicolae_overflow_ecumenical_swirl, basic_ecumenical_altar,
          uniq_jessica, uniq_sigmund
D:4:      layout_basic, uniq_blork_the_orc

Skill      XL: |  1  2  3  4  5  6  7 |
---------------+----------------------+-----
Invocations    | 1 2 |  2.6
Short Blades   | 1 2 |  2.4
Long Blades    | 1 2 |  2.4
Axes           | 1 2 |  2.4
Maces & Flails | 1 2 |  2.4
Polearms       | 1 2 |  2.4
Staves         | 1 2 |  2.4
Throwing       | 1 2 |  2.4
Armour         | 1 2 |  2.4
Stealth        | 1 2 |  2.4
Shields        | 1 2 |  2.4
Unarmed Combat | 1 2 |  2.4
Evocations     | 1 2 |  2.4
Spellcasting   | 3 |  3.7
Conjurations   | 1 2 |  2.0
Summonings     | 1 2 |  2.0
Necromancy     | 1 2 |  2.0
Translocations | 1 2 |  2.0
Transmutations | 1 2 |  2.0
Fire Magic     | 1 2 |  2.0
Ice Magic      | 1 2 |  2.0
Air Magic      | 1 2 |  2.0
Earth Magic    | 1 2 |  2.0
Poison Magic   | 1 2 |  2.0
Fighting       | 3 |  3.5
Ranged Weapons | 5 |  5.2
Dodging        | 5 |  5.2
Hexes          | |  5.8

Action                   |  1- 3 |  4- 6 |  7- 9 || total
-------------------------+-------+-------+-------++-------
Melee: Short sword       |    26 |       |       ||    26
       Flail             |    15 |    63 |       ||    78
       Bite              |     4 |    13 |       ||    17
       Dagger            |       |    15 |       ||    15
       Punch             |       |     1 |       ||     1
       Halberd           |       |    11 |     3 ||    14
 Fire: Sling             |    74 |    50 |     9 ||   133
Throw: Dart              |     1 |     3 |       ||     4
 Cast: Slow              |     3 |     7 |       ||    10
       Portal Projectile |       |     1 |       ||     1
       Inner Flame       |       |     5 |     1 ||     6
       Ensorcelled Hiber |       |       |     1 ||     1
Invok: Heroism           |       |     2 |       ||     2
  Use: Scroll            |     3 |     2 |     1 ||     6
       Potion            |       |     2 |       ||     2
 Stab: Sleeping          |       |       |     1 ||     1
Armor: Robe              |    19 |    37 |       ||    56
Dodge: Dodged            |    36 |    87 |     1 ||   124

Table legend: (Time is in decaauts)
 A = Elapsed time spent in this place.
 B = Non-inter-level travel time spent in this place.
 C = Inter-level travel time spent in this place.
 D = Time resting spent in this place.
 E = Time spent auto-exploring this place.
 F = Levels seen in this place.
 G = Mean time per level.
                   A        B        C        D        E       F      G
               +--------+--------+--------+--------+--------+-----+--------+
         Total |   3645 |   3498 |    147 |    763 |   2064 |   4 |  911.2 |
       Dungeon |   3645 |   3498 |    147 |    763 |   2064 |   4 |  911.2 |
               +--------+--------+--------+--------+--------+-----+--------+

Top non-repeatable levels by time:
     D:2: 1390 daAuts
     D:3: 1239 daAuts
     D:1: 580 daAuts
     D:4: 435 daAuts
